 Dungeon Crawl Stone Soup version 0.27-a0-1529-g1e82c303ef (webtiles) character file.

Game seed: 6731736910914913746

131 gimp the Chopper (level 5, 0/63 HPs)
             Began as a Formicid Monk on July 11, 2021.
             Slain by an iguana (8 damage)
             ... on level 3 of the Dungeon.
             The game lasted 00:04:47 (3004 turns).

gimp the Chopper (Formicid Monk)                    Turns: 3004, Time: 00:04:48

Health: 0/63       AC: 22    Str: 16    XL:     5   Next: 37%
Magic:  5/5        EV:  2    Int: 10    God:
Gold:   61         SH:  0    Dex: 13    Spells: 4/4 levels left

rFire    . . .     SeeInvis .   a - +0 hand axe
rCold    . . .     Faith    .   (no shield)
rNeg     + + +     Spirit   .   (armour currently unavailable)
rPois    +         Reflect  .   (helmet unavailable)
rElec    .         Harm     .   (cloak currently unavailable)
rCorr    .         Rampage  .   (gloves currently unavailable)
Will     .....                  (boots currently unavailable)
Stlth    ++........             (no amulet)
HPRegen  0.20/turn              (no ring)
MPRegen  0.09/turn              (no ring)

@: tree-form
A: stationary, stasis, torment immunity, boosted hp, permanent stasis, dig
shafts and tunnels, (antennae 3), four strong arms
a: no special abilities


You were on level 3 of the Dungeon.
You were a tree.
You visited 1 branch of the dungeon, and saw 4 of its levels.

You collected 61 gold pieces.

Inventory:

Hand Weapons
 a - a +0 hand axe (weapon)
Missiles
 k - 9 poisoned darts
Armour
 l - a +2 ring mail of fire resistance (melded)
Scrolls
 c - 3 scrolls of immolation {unknown}
 d - 3 scrolls of identify {unknown}
 f - a scroll of silence {unknown}
 h - a scroll of summoning {unknown}
 j - a scroll of fog {unknown}
Potions
 e - 4 potions of curing
 g - a potion of brilliance {unknown}
 i - a potion of berserk rage {unknown}


   Skills:
 + Level 4.2 Fighting
 * Level 4.5 Axes
 + Level 2.2 Armour
 - Level 2.6 Dodging
 - Level 2.4 Stealth


You had 4 spell levels left.
You didn't know any spells.
Your spell library contained the following spells:

 Spells                   Type           Power      Damage    Failure   Level
 Summon Small Mammal      Summ           0%         N/A       36%         1
 Sublimation of Blood     Necr           0%         N/A       50%         2
 Call Canine Familiar     Summ           0%         N/A       75%         3
 Conjure Flame            Conj/Fire      0%         6-21      75%         3
 Ignite Poison            Fire/Tmut/Pois 0%         N/A       75%         3
 Summon Guardian Golem    Hex/Summ       0%         N/A       75%         3
 Petrify                  Tmut/Erth      0%         N/A       98%         4
 Sticky Flame             Conj/Fire      0%         2d3       98%         4
 Irradiate                Conj/Tmut      0%         3d13      100%        5


Dungeon Overview and Level Annotations

Branches:
Dungeon (4/15)
 Temple: D:4-7

Altars:

Shops:
D:2 :   D:4 (


Innate Abilities, Weirdness & Mutations

You are a tree.
Your roots penetrate the ground, keeping you stationary.
You cannot be teleported.
You are immune to unholy pain and torment.
Your maximum health is greatly increased.
Your equipment is partially melded.
You cannot be hasted, slowed, berserked, paralysed or teleported.
You can dig through walls and to a lower floor.
((You have a pair of large antennae on your head. (SInv)))
Your four strong arms can wield two-handed weapons with a shield.


Message History

You climb upwards.
There is a stone staircase leading down here.
You take 4 damage, and have 21/42 hp.
You are too injured to fight recklessly!
You hit the iguana but do no damage. The iguana barely misses you.
You hit the iguana but do no damage. The iguana misses you.
You closely miss the iguana. The iguana completely misses you.
You hit the iguana but do no damage.
The iguana bites you but does no damage.
You hit the iguana.
The iguana is lightly wounded.
The iguana bites you!
* * * LOW HITPOINT WARNING * * *
You take 11 damage, and have 11/42 hp.
MASSIVE DAMAGE!!
Really quaff the potion of lignification?
You turn into a tree.
Your +2 ring mail of fire resistance melds into your body.
You feel less resistant to fire.
Your roots penetrate the ground.
The iguana completely misses you.
You now have 16/63 hp.
You hit the iguana.
The iguana is heavily wounded.
The iguana bites you but does no damage.
You barely miss the iguana.
The iguana is heavily wounded.
The iguana bites you.
* * * LOW HITPOINT WARNING * * *
You take 1 damage, and have 16/63 hp.
You hit the iguana but do no damage.
The iguana is heavily wounded.
The iguana barely misses you.
You closely miss the iguana.
The iguana is heavily wounded.
The iguana bites you!
* * * LOW HITPOINT WARNING * * *
You take 8 damage, and have 8/63 hp.
You hit the iguana.
The iguana is heavily wounded.
The iguana bites you!
You die...

##########
##...##...##
##.......[..##
#............#
#............#
#..l♣........####
##..............#
##........####.#
#####.#######.#
#.........#####
#.........#....
#......>.......
#........#.....
#........#.....


You could see an iguana.

Vanquished Creatures
  5 adders
  2 worms
  5 orcs (D:4)
  4 endoplasms
  4 giant cockroaches
  8 goblins
  3 hobgoblins
  12 jackals
  2 quokkas (D:1)
  10 ball pythons
  5 bats
  8 kobolds
  2 rats
70 creatures vanquished.

Vanquished Creatures (others)
  An endoplasm (D:4)
  4 plants (D:1)
5 creatures vanquished.

Grand Total: 75 creatures vanquished

Notes
Turn   | Place    | Note
-------+----------+-------------------------------------------
     0 | D:1      | gimp the Formicid Monk began the quest for the Orb.
     0 | D:1      | Reached XP level 1. HP: 18/18 MP: 1/1
   132 | D:1      | Reached XP level 2. HP: 24/24 MP: 2/2
   286 | D:1      | Reached skill level 1 in Armour
   322 | D:1      | Reached XP level 3. HP: 15/29 MP: 3/3
  1098 | D:2      | Found Egrucw's Book Boutique.
  1111 | D:2      | Reached XP level 4. HP: 18/37 MP: 4/4
  2060 | D:3      | Found a faded altar of an unknown god.
  2210 | D:3      | Reached XP level 5. HP: 42/42 MP: 5/5
  2964 | D:4      | Found Siasiuts's Antique Weapon Shop.
  3004 | D:3      | Slain by an iguana

Illustrated notes

Levels and vault maps discovered:
D:1:      wander_arrival_peaceful_grave, layout_rooms,
          chequers_serial_rivers_micro_e, serial_bayou_pond_d,
          minmay_shallow_snake_nest
D:2:      layout_basic, serial_shops, shop
D:3:      layout_rooms, hellmonk_ecumenical_altar_crossroads,
          kennysheep_generic_room_10
D:4:      layout_loops_ring, grunt_qazlal_clouds, mainiacjoe_overflow_24_doors,
          serial_shops, nicolae_stop_n_shop_1, uniq_grinder

Skill      XL: |  1  2  3  4 |
---------------+-------------+-----
Armour         | 1 2 |  2.2
Axes           | 4 |  4.5
Fighting       | 4 |  4.2
Dodging        | |  2.6
Stealth        | |  2.4

Action                   |  1- 3 |  4- 6 || total
-------------------------+-------+-------++-------
Melee: Hand axe          |   138 |   159 ||   297
  Use: Potion            |     2 |     1 ||     3
 Stab: Sleeping          |     5 |     2 ||     7
Armor: Robe              |    24 |       ||    24
       Skin              |    39 |     1 ||    40
       Ring mail         |       |    45 ||    45
Dodge: Dodged            |    95 |    89 ||   184

Table legend: (Time is in decaauts)
 A = Elapsed time spent in this place.
 B = Non-inter-level travel time spent in this place.
 C = Inter-level travel time spent in this place.
 D = Time resting spent in this place.
 E = Time spent auto-exploring this place.
 F = Levels seen in this place.
 G = Mean time per level.
                   A        B        C        D        E       F      G
               +--------+--------+--------+--------+--------+-----+--------+
         Total |   3037 |   2962 |     75 |    301 |   2016 |   4 |  759.2 |
       Dungeon |   3037 |   2962 |     75 |    301 |   2016 |   4 |  759.2 |
               +--------+--------+--------+--------+--------+-----+--------+

Top non-repeatable levels by time:
     D:1: 1264 daAuts
     D:2: 697 daAuts
     D:4: 589 daAuts
     D:3: 485 daAuts
